 Dungeon Crawl Stone Soup version 0.31-a0-833-gc15d34cb79 (webtiles) character file.

Game seed: 8719994238102115754

424 DApurpleWHUMPUS the Sneak (level 6, -8/28 (32) HPs)
             Began as a Deep Elf Conjurer on Sept 26, 2023.
             Mangled by Duvessa
             ... wielding a +3 short sword of draining
              (9 damage)
             ... on level 5 of the Dungeon.
             The game lasted 00:08:19 (3093 turns).

DApurpleWHUMPUS the Sneak (Deep Elf Conjurer)       Turns: 3093, Time: 00:08:19

HP:   -8/28 (32)    AC:  2    Str:  4    XL:     6   Next: 64%
MP:   17/24         EV: 12    Int: 25    God:
Gold: 195           SH:  0    Dex: 13    Spells: 8/15 levels left

rFire   . . .        q - +6 short sword "Newtbane" {freeze, MP+9}
rCold   . . .        l - orb {guile}
rNeg    . . .        a - +0 robe
rPois   .            (no helmet)
rElec   .            (no cloak)
rCorr   .            (no gloves)
SInv    .            (no boots)
Will    .....        (no amulet)
Stlth   +++          (no ring)
HPRegen 0.24/turn    (no ring)
MPRegen 0.19/turn

%: no passive effects
@: heavily drained
A: no striking features
a: no special abilities


You were on level 5 of the Dungeon.
You visited 1 branch of the dungeon, and saw 6 of its levels.

You collected 195 gold pieces.

Inventory:

Hand Weapons
 q - the +6 short sword "Newtbane" (weapon) {freeze, MP+9}
   (You found it on level 3 of the Dungeon)

   MP+9:      It affects your magic capacity (+9).
Missiles
 j - a throwing net
Armour
 a - a +0 robe (worn)
 l - an orb of guile (worn)
Jewellery
 h - a ring of ice
Wands
 n - a wand of flame (17)
 s - a wand of charming (6)
Scrolls
 b - a scroll of revelation {unknown}
 c - 3 scrolls of identify {unknown}
 d - 2 scrolls of torment {unknown}
 e - a scroll of enchant armour {unknown}
 f - a scroll of noise {unknown}
 g - a scroll of poison {unknown}
 k - 3 scrolls of vulnerability {unknown}
 m - a scroll of teleportation {unknown}
 o - a scroll of fog {unknown}
 r - a scroll of brand weapon {unknown}
Potions
 i - 2 potions of curing {unknown}
 p - a potion of degeneration {unknown}


   Skills:
 - Level 2.4 Dodging
 * Level 6.9 Stealth
 + Level 5.3 Spellcasting
 + Level 5.8 Conjurations


You had 8 spell levels left.
You knew the following spells:

 Your Spells              Type           Power      Damage    Failure   Level
a - Magic Dart            Conj           100%       1d8       1%          1
b - Searing Ray           Conj           70%        2d7       1%          2
c - Iskenderun's Mystic   Conj/Tloc      21%        2d6       24%         4

Your spell library contained the following spells:

 Spells                   Type           Power      Damage    Failure   Level
 Dazzling Flash           Conj/Hex       42%        N/A       7%          3
 Fulminant Prism          Conj/Hex       10%        3d8       24%         4


Dungeon Overview and Level Annotations

Branches:
Dungeon (6/15)
 Temple: D:4-7

Altars:
Zin

Annotations:
D:5 Duvessa


Message History

Press: ? - help, Shift-Dir - straight line, f/p - Dowan
Aim: Dowan, wielding a +0 dagger and wearing a +0 robe (lightly wounded, 73% to hit)
The searing ray hits Dowan!
Dowan is heavily wounded. (Press . to maintain the ray.)
The searing ray hits Dowan!
Dowan is almost dead.
The searing ray hits Dowan.
You kill Dowan!
You hear a distant scream of rage.
Unknown command.
You now have 195 gold pieces (gained 11).
Things that are here:
a +0 dagger; a +0 robe Duvessa, Sister of Dowan comes into view.
She is wielding a +3 short sword of draining.
Found 16 gold pieces.
Duvessa goes berserk!
Duvessa rages.
Casting: Searing Ray (safe; 1% risk of failure)
Confirm with . or Enter, or press ? or * to list all spells.
Aiming: Searing Ray (safe; 1% risk of failure)
Press: ? - help, Shift-Dir - straight line, f - Duvessa
Aim: Duvessa, wielding a +3 short sword of draining and wearing a +0 ring mail (berserk, 86% to hit)
The searing ray hits Duvessa but does no damage. (Press . to maintain the ray.)
The searing ray hits Duvessa.
Duvessa is lightly wounded.
Duvessa rages. x2
The searing ray hits Duvessa.
Duvessa is lightly wounded.
Duvessa hits you with a +3 short sword of draining!
You feel drained.
The searing ray hits Duvessa.
Duvessa is lightly wounded.
You finish channelling your searing ray.
Duvessa hits you with a +3 short sword of draining!
* * * LOW HITPOINT WARNING * * *
You feel drained.
* * * LOW HITPOINT WARNING * * *
Duvessa hits you with a +3 short sword of draining!
You die...

######### #.......#
#.......# ###.......#
#.........# #.#.......#
##.#.......#
###......[...##########
#...>..##.#####@e.....$
###...###.#####.#######
##.## #..)....# ###
#########


You could see Duvessa (berserk).

Vanquished Creatures
  Grinder (D:3)
  Dowan (D:5)
  A hound (D:4)
  Terence (D:2)
  2 orc wizards (D:3)
  2 dart slugs
  9 orcs
  10 ball pythons
  6 bats
  5 endoplasms
  A giant cockroach (D:4)
  6 goblins
  6 hobgoblins
  8 kobolds
  6 quokkas
  7 frilled lizards
  10 rats
82 creatures vanquished.

Notes
Turn   | Place    | Note
-------+----------+-------------------------------------------
     0 | D:1      | DApurpleWHUMPUS the Deep Elf Conjurer began the quest for
                  | the Orb.
     0 | D:1      | Reached XP level 1. HP: 10/10 MP: 6/6
   199 | D:1      | Reached skill level 3 in Stealth
   199 | D:1      | Reached XP level 2. HP: 15/15 MP: 2/8
   261 | D:1      | Learned a level 2 spell: Searing Ray
   712 | D:1      | Reached XP level 3. HP: 19/19 MP: 8/10
  1162 | D:2      | Reached skill level 4 in Stealth
  1384 | D:2      | Noticed Terence
  1406 | D:2      | Killed Terence
  1407 | D:2      | Reached XP level 4. HP: 20/24 MP: 2/11
  1605 | D:2      | Found a glowing silver altar of Zin.
  1828 | D:2      | Reached skill level 5 in Conjurations
  2040 | D:3      | Reached skill level 5 in Stealth
  2201 | D:3      | Noticed Grinder
  2202 | D:3      | Paralysed by Grinder for 5 turns
  2215 | D:3      | Paralysed by Grinder for 5 turns
  2224 | D:3      | Killed Grinder
  2225 | D:3      | Reached skill level 6 in Stealth
  2225 | D:3      | Reached XP level 5. HP: 8/28 MP: 9/14
  2225 | D:3      | Reached XP level 6. HP: 9/32 MP: 9/15
  2430 | D:3      | Reached skill level 5 in Spellcasting
  2556 | D:3      | Identified the +6 short sword "Newtbane" {freeze, MP+9}
  2672 | D:3      | Learned a level 4 spell: Iskenderun's Mystic Blast
  3052 | D:4      | You fall into a shaft and drop 2 floors!
  3067 | D:5      | Entered Level 5 of the Dungeon
  3075 | D:5      | Noticed Dowan
  3079 | D:5      | Killed Dowan
  3088 | D:5      | Noticed Duvessa
  3093 | D:5      | HP: 1/28 [Duvessa/+3 short sword of draining (4)]
  3093 | D:5      | Mangled by Duvessa

Illustrated notes

Levels and vault maps discovered:
D:1:      minmay_arrival_three_doors, layout_loops_ring
D:2:      layout_basic, basic_altar, uniq_terence
D:3:      layout_rooms, uniq_grinder
D:4:      layout_cave_pools, mainiacjoe_overflow_two_lobes,
          kennysheep_small_circle, uniq_pikel, uniq_blork_the_orc
D:5:      layout_loops_ring, nicolae_overflow_hidden_temple,
          lexackson_kobold_supper, uniq_duvessa
D:6:      layout_basic, minmay_temple_entry_ruins,
          chequers_serial_rivers_micro_e

Skill      XL: |  1  2  3  4  5  6 |
---------------+-------------------+-----
Stealth        | 3 4 6 |  6.9
Conjurations   | 5 |  5.8
Spellcasting   | 4 5 |  5.3
Dodging        | |  2.4

Action                     |  1- 3 |  4- 6 || total
---------------------------+-------+-------++-------
  Melee: Short sword       |       |    15 ||    15
   Cast: Magic Dart        |    75 |    54 ||   129
         Searing Ray       |     2 |    11 ||    13
    Use: Potion            |       |     1 ||     1
 Armour: Robe              |     3 |    34 ||    37
  Dodge: Dodged            |     3 |    21 ||    24

Table legend: (Time is in decaauts)
 A = Elapsed time spent in this place.
 B = Non-inter-level travel time spent in this place.
 C = Inter-level travel time spent in this place.
 D = Time resting spent in this place.
 E = Time spent auto-exploring this place.
 F = Levels seen in this place.
 G = Mean time per level.
                   A        B        C        D        E       F      G
               +--------+--------+--------+--------+--------+-----+--------+
         Total |   3092 |   3069 |     23 |    325 |   2308 |   6 |  515.3 |
       Dungeon |   3092 |   3069 |     23 |    325 |   2308 |   6 |  515.3 |
               +--------+--------+--------+--------+--------+-----+--------+

Top non-repeatable levels by time:
     D:1: 1112 daAuts
     D:3: 956 daAuts
     D:2: 827 daAuts
     D:4: 155 daAuts
     D:5: 25 daAuts
     D:6: 14 daAuts
